 Dungeon Crawl Stone Soup version 0.20-a0-472-g5c05303 (webtiles) character file.

238 w00t the Skirmisher (level 5, 0/75 HPs)
             Began as a Minotaur Fighter on Jan 14, 2017.
             Succumbed to an adder's poison
             ... on level 2 of the Dungeon.
             The game lasted 00:02:41 (2296 turns).

w00t the Skirmisher (Minotaur Fighter)              Turns: 2296, Time: 00:02:41

Health: 0/75       AC:  7    Str: 25    XL:     5   Next: 78%
Magic:  4/4        EV:  7    Int:  5    God:
Gold:   76         SH: 10    Dex: 11    Spells: 4/4 levels left

rFire  . . .     SeeInvis .     a - +0 flail
rCold  . . .     Gourm    .     b - +0 scale mail
rNeg   . . .     Faith    .     c - +0 shield
rPois  .         Spirit   .     o - +0 hat {MR+}
rElec  .         Reflect  .     (no cloak)
rCorr  .         Harm     .     (no gloves)
MR     +....                    (no boots)
Stlth  ..........               (no amulet)
                                (no ring)
                                (no ring)

@: berserking, lethally poisoned (0 -> -20), flying, very quick
A: retaliatory headbutt, horns 2
a: no special abilities


You were on level 2 of the Dungeon.
You were not hungry.

You visited 1 branch of the dungeon, and saw 3 of its levels.

You collected 76 gold pieces.

Inventory:

Hand Weapons
 a - a +0 flail (weapon)
Missiles
 i - 123 stones (quivered)
Armour
 b - a +0 scale mail (worn)
 c - a +0 shield (worn)
 o - a +0 hat of magic resistance (worn)
Wands
 j - a wand of digging (15/24)
Scrolls
 e - 2 scrolls of identify {unknown}
 h - a scroll of remove curse {unknown}
 n - a scroll of blinking {unknown}
 p - a scroll of amnesia {unknown}
Potions
 d - a potion of might
Comestibles
 f - 3 bread rations
 g - 4 fruits
 k - 2 meat rations
 l - a beef jerky
 q - a slice of pizza


   Skills:
 + Level 6.1 Fighting
 - Level 2.4 Maces & Flails
 + Level 6.1 Armour
 - Level 3.6 Shields


You had 4 spell levels left.
You didn't know any spells.

Dungeon Overview and Level Annotations

Branches:
Dungeon (3/15)

Altars:
Elyvilon
Gozag
Ru
Yredelemnul


Innate Abilities, Weirdness & Mutations

You reflexively headbutt those who attack you in melee.
You have a pair of horns on your head.


Message History

You block the adder's attack. x2
It was a potion of flight.
You feel very buoyant.
You fly up into the air.
* * * LOW HITPOINT WARNING * * *
You feel sick. The adder bites you but does no damage.
It was a potion of berserk rage.
A red film seems to cover your vision as you go berserk!
You feel yourself moving faster!
You feel mighty!
* * * LOW HITPOINT WARNING * * *
You feel sick. You block the adder's attack.
You barely miss the adder.
* * * LOW HITPOINT WARNING * * *
You feel sick. The adder bites you.
* * * LOW HITPOINT WARNING * * *
You are more poisoned.
The adder poisons you!
You sock the adder!
You kill the adder!
You die...

##......#.P..#.)#.........##...#
##..#....##...#P.#.#.......##...<
#..##.....#...#.##.#.......##.#..
....>.....#####.#..........#..#..
...........#######.........#..#..
.....###......# #.#.............
###### ######.####.#####....#....
#...##.# #....#.... ###<@..#
#....#.... ###..#######.......
##...............
#############... #... #... #...
##.. ##.


There were no monsters in sight!

Vanquished Creatures
  A necrophage (D:3)
  Jessica (D:2)
  A worker ant (D:3)
  Robin (D:2)
  3 adders
  2 worms
  4 dart slugs
  A leopard gecko (D:3)
  A ball python (D:2)
  7 bats
  A giant cockroach (D:3)
  12 goblins
  6 hobgoblins
  5 kobolds
  A quokka (D:2)
  3 frilled lizards
  2 rats
52 creatures vanquished.

Notes
Turn   | Place    | Note
-------+----------+-------------------------------------------
     0 | D:1      | w00t the Minotaur Fighter began the quest for the Orb.
     0 | D:1      | Reached XP level 1. HP: 19/19 MP: 0/0
   592 | D:1      | Reached XP level 2. HP: 27/27 MP: 1/1
   773 | D:2      | Noticed Jessica
   783 | D:2      | Killed Jessica
   783 | D:2      | Reached XP level 3. HP: 27/34 MP: 2/2
  1172 | D:2      | Noticed Robin
  1188 | D:2      | Reached skill level 5 in Fighting
  1191 | D:2      | Reached XP level 4. HP: 42/42 MP: 3/3
  1205 | D:2      | Reached skill level 5 in Armour
  1208 | D:2      | Killed Robin
  1214 | D:2      | Found a white marble altar of Elyvilon.
  1313 | D:2      | Found a sacrificial altar of Ru.
  1313 | D:2      | Found an opulent altar of Gozag.
  1330 | D:2      | Found a basalt altar of Yredelemnul.
  1407 | D:2      | Found a faded altar of an unknown god.
  1759 | D:3      | HP: 1/42 [adder (3)]
  2110 | D:3      | Noticed a necrophage
  2119 | D:3      | Killed a necrophage
  2119 | D:3      | Reached XP level 5. HP: 49/50 MP: 4/4
  2295 | D:2      | HP: 2/75 [adder (3)]
  2296 | D:2      | Succumbed to an adder's poison

Vault maps used:
D:1:      dpeg_arrival_boxorama
D:2:      kennysheep_ying_yang, gammafunk_temple_overflow_wave,
          chequers_ecumenical_altar_lobes, uniq_jessica, uniq_robin

Skill      XL: |  1  2  3  4 |
---------------+-------------+-----
Fighting       | 4 5 6 |  6.1
Armour         | 4 6 |  6.1
Maces & Flails | |  2.4
Shields        | |  3.6

Action                   |  1- 3 |  4- 6 || total
-------------------------+-------+-------++-------
Melee: Flail             |    58 |    89 ||   147
       Headbutt          |     7 |    13 ||    20
Throw: Stone             |    33 |    44 ||    77
  Use: Potion            |     1 |     4 ||     5
  Eat: Chunk             |     1 |     4 ||     5
Armor: Scale mail        |    20 |    50 ||    70
Dodge: Dodged            |    14 |    25 ||    39
Block: Shield            |    26 |    67 ||    93
